PL
BOSTON PATRIOTS @ NORTHERN VIRGINIA RAINBOW MERMAIDS
04/25/2034
 
TOP OF THE 1ST
Boston Patriots batting - Pitching for Northern Virginia Rainbow Mermaids : RHP Yoo-chul Mun
Pitching: RHP Yoo-chul Mun
Batting: RHB Roland Deschain 0-0: Swinging Strike
0-1: Fly out, F7 (Flyball, 7S)
Batting: LHB Juan Alvarado 0-0: SINGLE (Line Drive, 34)
Batting: LHB Jorge Alejándrez 0-0: Ball
Juan Alvarado steals 2nd base
1-0: Fly out, F7 (Flyball, 7D)
Batting: LHB Manuel Carmona 0-0: Ball
1-0: SINGLE (Groundball, 34D)
Juan Alvarado to third
Runner from 3rd tries for Home, SAFE, no throw
Batting: LHB Stanley Belote 0-0: Called Strike
0-1: Ball
1-1: Ground out 4-3 (Groundball, 34)
Top of the 1st over - 1 run, 2 hits, 0 errors, 1 left on base; Boston 1 - Northern Virginia 0
BOTTOM OF THE 1ST
Northern Virginia Rainbow Mermaids batting - Pitching for Boston Patriots : RHP Jaganmani Vivek
Pitching: RHP Jaganmani Vivek
Batting: RHB Juan Jose Ayala 0-0: Called Strike
0-1: Ball
1-1: Ball
2-1: Ball
3-1: Fly out, F8 (Flyball, 8LD)
Batting: LHB Ty Tomblin 0-0: Fly out, F9 (Flyball, 9LS)
Batting: SHB Eustacio Tafalla 0-0: Ball
1-0: Ball
2-0: Foul Ball, location: 2F
2-1: SINGLE (Line Drive, 9LM)
Batting: SHB Melito Báez 0-0: Ball
1-0: Foul Ball, location: 2F
1-1: Called Strike
1-2: Ball
2-2: Ball
3-2: Fly out, F5 (Line Drive, 5S)
Bottom of the 1st over - 0 runs, 1 hit, 0 errors, 1 left on base; Boston 1 - Northern Virginia 0
TOP OF THE 2ND
Boston Patriots batting - Pitching for Northern Virginia Rainbow Mermaids : RHP Yoo-chul Mun
Batting: RHB Bartolo Morales 0-0: Called Strike
0-1: Foul Ball, location: 2F
0-2: Ball
1-2: Ball
2-2: Foul Ball, location: 2F
2-2: Ball
3-2: Ground out 6-3 (Groundball, 6)
Batting: RHB Kantaro Taniguchi 0-0: Ball
1-0: Called Strike
1-1: Ball
2-1: Ball
3-1: SINGLE (Line Drive, 7S)
Batting: RHB Fortunato Rasquinha 0-0: Called Strike
0-1: Ball
1-1: Foul Ball, location: 2F
1-2: Strikes out swinging
Batting: RHB Francisco Agámez 0-0: Ball
1-0: Called Strike
1-1: Ball
2-1: Swinging Strike
2-2: Ball
3-2: Strikes out swinging
Top of the 2nd over - 0 runs, 1 hit, 0 errors, 1 left on base; Boston 1 - Northern Virginia 0
BOTTOM OF THE 2ND
Northern Virginia Rainbow Mermaids batting - Pitching for Boston Patriots : RHP Jaganmani Vivek
Batting: LHB Scott Kerin 0-0: Ball
1-0: Swinging Strike
1-1: Ball
2-1: Foul Ball, location: 2F
2-2: Strikes out looking
Batting: RHB Zahid Kashani 0-0: Called Strike
0-1: Ball
1-1: Ball
2-1: Foul Ball, location: 2F
2-2: SINGLE (Flyball, 9S)
Batting: LHB José Ruíz 0-0: Called Strike
0-1: Foul Ball, location: 2F
0-2: Ball
1-2: Grounds into double play, 6-4-3 (Groundball, 6)
Bottom of the 2nd over - 0 runs, 1 hit, 0 errors, 0 left on base; Boston 1 - Northern Virginia 0
TOP OF THE 3RD
Boston Patriots batting - Pitching for Northern Virginia Rainbow Mermaids : RHP Yoo-chul Mun
Batting: RHB Roland Deschain 0-0: Foul Ball, location: 2F
0-1: Fly out, F9 (Flyball, 9LMF)
Batting: LHB Juan Alvarado 0-0: Called Strike
0-1: Foul Ball, location: 2F
0-2: Strikes out swinging
Batting: LHB Jorge Alejándrez 0-0: Swinging Strike
0-1: Swinging Strike
0-2: Foul Ball, location: 2F
0-2: Ball
1-2: Strikes out swinging
Top of the 3rd over - 0 runs, 0 hits, 0 errors, 0 left on base; Boston 1 - Northern Virginia 0
BOTTOM OF THE 3RD
Northern Virginia Rainbow Mermaids batting - Pitching for Boston Patriots : RHP Jaganmani Vivek
Batting: SHB Takashi Noda 0-0: Foul Ball, location: 2F
0-1: Ball
1-1: SINGLE (Line Drive, 8LS)
Batting: SHB Galtero Suárez 0-0: Called Strike
0-1: Foul Ball, location: 2F
0-2: Reached on error, E1 (Groundball, 13S)
Takashi Noda to second
Batting: RHB Juan Jose Ayala 0-0: Called Strike
0-1: Ball
1-1: Ball
2-1: Ball
3-1: Base on Balls
Takashi Noda to third
Galtero Suárez to second
Batting: LHB Ty Tomblin 0-0: Ball
1-0: Ball
2-0: Ball
3-0: Base on Balls
Takashi Noda scores
Galtero Suárez to third
Juan Jose Ayala to second
Batting: SHB Eustacio Tafalla 0-0: Ball
1-0: SINGLE (Groundball, 4MD)
Galtero Suárez scores
Juan Jose Ayala to third
Ty Tomblin to second
Runner from 3rd tries for Home, throw and OUT!
Ty Tomblin to third
Eustacio Tafalla to second
Batting: SHB Melito Báez 0-0: Foul Ball, location: 2F
0-1: Called Strike
0-2: Ball
1-2: Fly out, F7 (Flyball, 78M)
Runner from 3rd tags up, OUT at HOME
Bottom of the 3rd over - 2 runs, 2 hits, 1 error, 1 left on base; Boston 1 - Northern Virginia 2
TOP OF THE 4TH
Boston Patriots batting - Pitching for Northern Virginia Rainbow Mermaids : RHP Yoo-chul Mun
Batting: LHB Manuel Carmona 0-0: Ball
1-0: Ball
2-0: TRIPLE (Line Drive, 78D)
Batting: LHB Stanley Belote 0-0: Ball
1-0: Swinging Strike
1-1: Ball
2-1: Ball
3-1: SINGLE (Groundball, 34D)
Manuel Carmona scores
Batting: RHB Bartolo Morales 0-0: SINGLE (Line Drive, 6MD)
Stanley Belote to second
Runner from 2nd tries for 3rd, SAFE, no throw
Batting: RHB Kantaro Taniguchi 0-0: Ball
1-0: Called Strike
1-1: Foul Ball, location: 2F
1-2: Strikes out looking
Batting: RHB Fortunato Rasquinha 0-0: Called Strike
Bartolo Morales steals 2nd base
0-1: Swinging Strike
0-2: Hit by Pitch
Batting: RHB Francisco Agámez 0-0: SINGLE (Groundball, 34D)
Stanley Belote scores
Bartolo Morales to third
Fortunato Rasquinha to second
Runner from 3rd tries for Home, SAFE, no throw
Batting: RHB Roland Deschain 0-0: Ball
1-0: Ball
2-0: Called Strike
2-1: SINGLE (Groundball, 56D)
Fortunato Rasquinha to third
Francisco Agámez to second
Runner from 3rd tries for Home, SAFE, no throw
Pitching: RHP Nick Rollins
Batting: LHB Juan Alvarado 0-0: Ball
1-0: Ball
2-0: Foul Ball, location: 2F
2-1: Ball
3-1: Base on Balls
Francisco Agámez to third
Roland Deschain to second
Batting: LHB Jorge Alejándrez 0-0: Ball
1-0: Foul Ball, location: 2F
1-1: Foul Ball, location: 2F
1-2: DOUBLE (Line Drive, 7LM)
Francisco Agámez scores
Roland Deschain scores
Juan Alvarado to third
Batting: LHB Manuel Carmona 0-0: Ball
1-0: Ball
2-0: Called Strike
2-1: Ball
3-1: Foul Ball, location: 2F
3-2: SINGLE (Line Drive, 6D)
Juan Alvarado scores
Jorge Alejándrez to third
Runner from 3rd tries for Home, SAFE, no throw
Batting: LHB Stanley Belote 0-0: Called Strike
0-1: Foul Ball, location: 2F
0-2: Ball
1-2: Ball
2-2: Ball
Manuel Carmona steals 2nd base
3-2: Ground out 6-3 (Groundball, 6MD)
Manuel Carmona to third
Pitching: RHP Iván García
Batting: RHB Bartolo Morales 0-0: Ground out 5-3 (Groundball, 5S)
Top of the 4th over - 8 runs, 7 hits, 0 errors, 1 left on base; Boston 9 - Northern Virginia 2
BOTTOM OF THE 4TH
Northern Virginia Rainbow Mermaids batting - Pitching for Boston Patriots : RHP Jaganmani Vivek
Batting: LHB Scott Kerin 0-0: Ball
1-0: Ball
2-0: Foul Ball, location: 2F
2-1: Foul Ball, location: 2F
2-2: Strikes out swinging
Batting: RHB Zahid Kashani 0-0: Ball
1-0: Ground out 6-3 (Groundball, 6S)
Batting: LHB José Ruíz 0-0: Swinging Strike
0-1: Swinging Strike
0-2: Strikes out swinging
Bottom of the 4th over - 0 runs, 0 hits, 0 errors, 0 left on base; Boston 9 - Northern Virginia 2
TOP OF THE 5TH
Boston Patriots batting - Pitching for Northern Virginia Rainbow Mermaids : RHP Iván García
Batting: RHB Kantaro Taniguchi 0-0: Ball
1-0: Ball
2-0: Ball
3-0: Called Strike
3-1: Called Strike
3-2: Ground out 5-3 (Groundball, 56)
Batting: RHB Fortunato Rasquinha 0-0: Ball
1-0: Called Strike
1-1: Called Strike
1-2: SINGLE (Line Drive, 8LS)
Batting: RHB Francisco Agámez 0-0: Called Strike
0-1: Ball
1-1: Ball
2-1: Ball
3-1: Base on Balls
Fortunato Rasquinha to second
Pinch Hitting: LHB Roberto Salazar 0-0: Fielders Choice at 2nd, 4-6 (Groundball, 4)
Fortunato Rasquinha to third
Pinch Hitting: SHB Jorge Velázquez 0-0: Called Strike
0-1: Foul Ball, location: 2F
0-2: Foul Ball, location: 2F
0-2: Ball
1-2: Strikes out swinging
Top of the 5th over - 0 runs, 1 hit, 0 errors, 2 left on base; Boston 9 - Northern Virginia 2
BOTTOM OF THE 5TH
Northern Virginia Rainbow Mermaids batting - Pitching for Boston Patriots : RHP Jaganmani Vivek
Pitching: RHP Santiago Alonza
Now at SS: Juan Dávila
Now in RF: Roberto Salazar
Batting: SHB Takashi Noda 0-0: Called Strike
0-1: Ball
1-1: Foul Ball, location: 2F
1-2: Ball
2-2: Fly out, F8 (Flyball, 8LD)
Batting: SHB Galtero Suárez 0-0: Swinging Strike
0-1: Ball
1-1: Foul Ball, location: 2F
1-2: Ball
2-2: Foul Ball, location: 2F
2-2: Ball
3-2: Base on Balls
Batting: RHB Juan Jose Ayala 0-0: 2-RUN HOME RUN (Flyball, 7LD), Distance : 372 ft
Batting: LHB Ty Tomblin 0-0: Called Strike
0-1: Ball
1-1: Ball
2-1: Foul Ball, location: 2F
2-2: SINGLE (Line Drive, 4MD)
Batting: SHB Eustacio Tafalla 0-0: Swinging Strike
0-1: Ball
1-1: Foul Ball, location: 2F
1-2: Ball
2-2: Strikes out swinging
Batting: SHB Melito Báez 0-0: SINGLE (Groundball, 34D)
Ty Tomblin to second
Runner from 2nd tries for 3rd, SAFE, throw made to third
Batting: LHB Scott Kerin 0-0: Ball
1-0: Ball
2-0: Ball
3-0: Called Strike
3-1: Swinging Strike
3-2: Base on Balls
Melito Báez to second
Batting: RHB Zahid Kashani 0-0: Called Strike
0-1: Foul Ball, location: 2F
0-2: Ball
1-2: Fly out, F7 (Flyball, 7D)
Bottom of the 5th over - 2 runs, 3 hits, 0 errors, 3 left on base; Boston 9 - Northern Virginia 4
TOP OF THE 6TH
Boston Patriots batting - Pitching for Northern Virginia Rainbow Mermaids : RHP Iván García
Pitching: RHP Javier Ariza
Pinch Hitting: RHB Dennis Wacher 0-0: Ground out 5-3 (Groundball, 5L)
Pinch Hitting: RHB Stanley van de Ven 0-0: Ball
1-0: Ground out 1-3 (Groundball, P)
Pinch Hitting: RHB Juan Tellado 0-0: Called Strike
0-1: Ball
1-1: Fly out, F5 (Line Drive, 5S)
Top of the 6th over - 0 runs, 0 hits, 0 errors, 0 left on base; Boston 9 - Northern Virginia 4
BOTTOM OF THE 6TH
Northern Virginia Rainbow Mermaids batting - Pitching for Boston Patriots : RHP Santiago Alonza
Now at 2B: Dennis Wacher
Now in LF: Stanley van de Ven
Now in RF: Juan Tellado
Batting: LHB José Ruíz 0-0: Ball
1-0: Swinging Strike
1-1: SOLO HOME RUN (Line Drive, 7LD), Distance : 358 ft
Pitching: LHP Leo Ingelbrigtsen
Batting: SHB Takashi Noda 0-0: Ball
1-0: Ground out 6-3 (Groundball, 6)
Batting: SHB Galtero Suárez 0-0: Ball
1-0: Called Strike
1-1: SINGLE (Groundball, 3D)
Pinch Hitting: RHB Carlos Rúbio 0-0: Foul Ball, location: 2F
0-1: Foul Ball, location: 2F
0-2: Ball
1-2: Ball
2-2: Grounds into double play, 6-4-3 (Groundball, 6)
Bottom of the 6th over - 1 run, 2 hits, 0 errors, 0 left on base; Boston 9 - Northern Virginia 5
TOP OF THE 7TH
Boston Patriots batting - Pitching for Northern Virginia Rainbow Mermaids : RHP Javier Ariza
Now at SS: Marcos Alfaro
Pinch Hitting: RHB Yu-shu Kang 0-0: Called Strike
0-1: SINGLE (Groundball, 56) (infield hit)
Batting: RHB Shohei Kiyomizu 0-0: Ball
1-0: SINGLE (Groundball, 4MD)
Yu-shu Kang to second
Batting: RHB Fortunato Rasquinha 0-0: Called Strike
0-1: Foul Ball, location: 2F
0-2: Ball
1-2: Foul Ball, location: 2F
1-2: Ball
2-2: Ball
3-2: Base on Balls
Yu-shu Kang to third
Shohei Kiyomizu to second
Batting: RHB Francisco Agámez 0-0: Ball
1-0: Ball
2-0: SINGLE (Flyball, 3D)
Yu-shu Kang scores
Shohei Kiyomizu to third
Fortunato Rasquinha to second
Pitching: RHP Jack Salt
Batting: LHB Roberto Salazar 0-0: Ball
1-0: Ball
2-0: Ball
3-0: Base on Balls
Shohei Kiyomizu scores
Fortunato Rasquinha to third
Francisco Agámez to second
Batting: RHB Juan Dávila 0-0: Ball
1-0: Fly out, F7 (Flyball, 78M)
Runner from 3rd tags up, SCORES, throw made
Batting: RHB Dennis Wacher 0-0: Ball
Francisco Agámez steals 3rd base
Roberto Salazar to second
1-0: Ground out 6-3 (Groundball, 6)
Francisco Agámez scores
Roberto Salazar to third
Batting: RHB Stanley van de Ven 0-0: Ground out 4-3 (Groundball, 4S)
Top of the 7th over - 4 runs, 3 hits, 0 errors, 1 left on base; Boston 13 - Northern Virginia 5
BOTTOM OF THE 7TH
Northern Virginia Rainbow Mermaids batting - Pitching for Boston Patriots : LHP Leo Ingelbrigtsen
Now in CF: Yu-shu Kang
Pinch Hitting: RHB Colt Cabana 0-0: Called Strike
0-1: Ground out 4-3 (Groundball, 4M)
Pinch Hitting: RHB Ray Walker 0-0: Called Strike
0-1: Ball
1-1: Ground out 4-3 (Groundball, 4S)
Pinch Hitting: RHB Manuel Ángel 0-0: Called Strike
0-1: Ball
1-1: Ground out 4-3 (Groundball, 4)
Bottom of the 7th over - 0 runs, 0 hits, 0 errors, 0 left on base; Boston 13 - Northern Virginia 5
TOP OF THE 8TH
Boston Patriots batting - Pitching for Northern Virginia Rainbow Mermaids : RHP Jack Salt
Now at 2B: Manuel Ángel
Now at 3B: Colt Cabana
Now in CF: Ray Walker
Batting: RHB Juan Tellado 0-0: Ball
1-0: Ball
2-0: Called Strike
2-1: DOUBLE (Line Drive, 78D)
Batting: RHB Yu-shu Kang 0-0: Called Strike
Juan Tellado is caught stealing 3rd base
0-1: Ball
1-1: Ball
2-1: Ball
3-1: Base on Balls
Batting: RHB Shohei Kiyomizu 0-0: Ball
1-0: Ball
2-0: Ball
3-0: Base on Balls
Yu-shu Kang to second
Pitching: RHP Keith Johnson
Batting: RHB Fortunato Rasquinha 0-0: Ball
1-0: Ball
2-0: Called Strike
2-1: Foul Ball, location: 2F
2-2: Grounds into double play, 4-6-3 (Groundball, 4)
Top of the 8th over - 0 runs, 1 hit, 0 errors, 1 left on base; Boston 13 - Northern Virginia 5
BOTTOM OF THE 8TH
Northern Virginia Rainbow Mermaids batting - Pitching for Boston Patriots : LHP Leo Ingelbrigtsen
Batting: RHB Tommy Socorro 0-0: Fly out, F3 (Line Drive, 3L)
Pinch Hitting: LHB Bart Walton 0-0: Swinging Strike
0-1: Foul Ball, location: 2F
0-2: Foul Ball, location: 2F
0-2: Ball
1-2: Ground out 4-3 (Groundball, 34)
Pinch Hitting: RHB Steven Rohrs 0-0: Ball
1-0: Called Strike
1-1: Foul Ball, location: 2F
1-2: Foul Ball, location: 2F
1-2: Ground out U3 (Groundball, 3)
Bottom of the 8th over - 0 runs, 0 hits, 0 errors, 0 left on base; Boston 13 - Northern Virginia 5
TOP OF THE 9TH
Boston Patriots batting - Pitching for Northern Virginia Rainbow Mermaids : RHP Keith Johnson
Now at 1B: Bart Walton
Now in LF: Steven Rohrs
Batting: RHB Francisco Agámez 0-0: Ground out 5-3 (Groundball, 56S)
Batting: LHB Roberto Salazar 0-0: Called Strike
0-1: Ball
1-1: Ball
2-1: Foul Ball, location: 2F
2-2: Strikes out looking
Batting: RHB Juan Dávila 0-0: Called Strike
0-1: Ball
1-1: Foul Ball, location: 2F
1-2: Ball
2-2: Strikes out looking
Top of the 9th over - 0 runs, 0 hits, 0 errors, 0 left on base; Boston 13 - Northern Virginia 5
BOTTOM OF THE 9TH
Northern Virginia Rainbow Mermaids batting - Pitching for Boston Patriots : LHP Leo Ingelbrigtsen
Pinch Hitting: RHB Brian Moring 0-0: Called Strike
0-1: Foul Ball, location: 2F
0-2: Strikes out swinging
Pinch Hitting: RHB Nick Bechtel 0-0: Called Strike
0-1: Foul Ball, location: 2F
0-2: Strikes out swinging
Batting: RHB Marcos Alfaro 0-0: Ball
1-0: Foul Ball, location: 2F
1-1: Ground out 5-3 (Groundball, 56)
Bottom of the 9th over - 0 runs, 0 hits, 0 errors, 0 left on base; Boston 13 - Northern Virginia 5
Friday, March 29th, 2019 - OOTP Baseball 18.8 Build 76